Map: Jagannatha LE

Players

Scarlett - Winner!

  • Race: Zerg Zerg
  • League: Master
  • Spawn Location: 1:00

PiLiPiLi

  • Race: Protoss Protoss
  • League: Grandmaster
  • Spawn Location: 7:00

Event: DreamHack SC2 Masters 2020 Winter

VOD

Have the link to the VOD?

Description

Time

  • Played on: Oct. 29, 2020, 5:33 p.m.
  • Length: 11:46

All games in this series

Show
View Real Time Build Order
Export as new Build Order

Scarlett Zerg - Winner!

Build Orders: Hatch First 

Get SALT Encoding   

  12  0:00  Drone  
  13  0:12  Overlord  
  13  0:17  Drone  
  14  0:30  Drone x2  
  16  0:46  Drone  
  16  0:48  Drone  
  18  0:55  Hatchery  
  17  0:58  Drone  
  17  1:03  Extractor  
  17  1:13  Spawning Pool  
  17  1:16  Drone  
  17  1:19  Drone  
  18  1:29  Drone  
  19  1:39  Overlord  
  19  1:52  Drone  
  20  1:59  Queen  
  20  2:00  Zergling x2  
  23  2:05  Metabolic Boost  
  23  2:07  Queen  
  23  2:08  Zergling x2  
  26  2:11  Drone  
  27  2:18  Drone  
  28  2:24  Drone  
  28  2:28  Drone  
  30  2:37  Hatchery  
  30  2:41  Drone x2  
  31  2:44  Drone  
  32  2:53  Overlord  
  32  2:58  Queen  
  32  3:00  Zergling x2  
  32  3:05  Zergling x2  
  36  3:13  Zergling x10  
  36  3:18  Queen  
  43  3:21  Overlord  
  43  3:27  Drone  
  42  3:37  Drone  
  42  3:38  Drone  
  42  3:40  Drone  
  42  3:42  Queen  
  42  3:47  Drone  
  45  3:53  Drone x2  
  47  3:59  Drone  
  47  4:04  Drone x2  
  47  4:05  Drone  
  47  4:07  Queen  
  51  4:11  Overlord  
  51  4:14  Drone  
  51  4:15  Drone  
  51  4:17  Drone  
  53  4:18  Drone  
  53  4:20  Drone  
  53  4:23  Drone  
  57  4:24  Drone  
  57  4:27  Overlord  
  57  4:32  Spore Crawler  
  57  4:34  Spore Crawler  
  57  4:38  Drone x3  
  57  4:43  Overlord  
  58  4:49  Drone  
  58  4:50  Drone x4  
  58  4:52  Overlord  
  63  4:55  Drone x2  
  63  4:58  Overlord  
  65  5:03  Drone x2, Spore Crawler  
  65  5:06  Overlord  
  66  5:10  Drone x3  
  69  5:15  Drone  
  69  5:17  Roach Warren  
  69  5:19  Extractor  
  69  5:21  Extractor  
  67  5:23  Drone x5  
  71  5:29  Lair, Drone  
  71  5:30  Drone x2  
  71  5:32  Drone  
  75  5:36  Drone x2  
  75  5:39  Drone  
  75  5:40  Drone x3  
  81  5:43  Queen  
  81  5:44  Queen  
  81  5:45  Overlord  
  81  5:48  Extractor  
  81  5:49  Extractor  
  84  5:50  Extractor  
  84  5:53  Drone, Overlord  
  84  5:55  Drone x2, Spore Crawler  
  85  6:03  Drone x5  
  90  6:06  Overlord  
  90  6:08  Zergling x10  
  94  6:18  Zergling x4  
  96  6:19  Queen x2  
  96  6:22  Zergling x8  
  104  6:28  Evolution Chamber  
  104  6:29  Hydralisk Den  
  93  6:42  Drone x8  
  96  6:49  Drone x4  
  100  6:55  Drone x5  
  100  6:58  Spore Crawler  
  104  7:01  Spore Crawler, Zerg Missile Weapons Level 1  
  104  7:04  Hatchery  
  104  7:06  Muscular Augments  
  102  7:08  Hydralisk  
  102  7:09  Hydralisk  
  102  7:15  Hydralisk x2  
  106  7:18  Spore Crawler  
  106  7:19  Hydralisk x2  
  106  7:22  Hydralisk  
  113  7:25  Hydralisk x2  
  113  7:28  Overlord  
  118  7:30  Overlord  
  118  7:31  Overlord  
  118  7:40  Drone  
  118  7:41  Drone, Spore Crawler, Hydralisk  
  121  7:52  Hydralisk x7  
  121  7:58  Hydralisk x3  
  141  8:13  Baneling Nest, Overlord x4  
  141  8:16  Hydralisk  
  141  8:17  Hydralisk x2  
  141  8:18  Grooved Spines  
  146  8:22  Hydralisk x3  
  146  8:24  Overlord  
  150  8:33  Hydralisk x3  
  156  8:34  Hydralisk  
  156  8:38  Hydralisk  
  156  8:39  Hydralisk  
  164  8:46  Hydralisk x3  
  170  8:51  Zergling x6  
  171  8:58  Zerg Missile Weapons Level 2  
  171  9:00  Zergling x16  
  179  9:02  Evolution Chamber  
  179  9:07  Zergling x6  
  181  9:11  Zergling x2  
  181  9:13  Zergling x8, Centrifical Hooks  
  186  9:22  Baneling x17  
  186  9:23  Baneling x2  
  186  9:24  Baneling  
  186  9:26  Overseer  
  186  9:37  Baneling x12  
  186  9:38  Zergling x10  
  190  9:50  Zergling x4  
  191  9:59  Drone  
  167  10:00  Drone x9  
  167  10:02  Hatchery  
  167  10:06  Hydralisk x2  
  155  10:11  Hydralisk x2  
  147  10:15  Hydralisk x3  
  135  10:27  Hydralisk x5  
Show
View Real Time Build Order
Export as new Build Order

PiLiPiLi Protoss 

Build Orders: 1 Gate Expand, Oracle Opening, Carriers 

Get SALT Encoding   

  12  0:00  Probe  
  13  0:12  Probe  
  14  0:20  Pylon  
  14  0:25  Probe  
  15  0:38  Probe (Chrono Boost)  
  15  0:41  Gateway  
  16  0:48  Probe (Chrono Boost)  
  17  0:52  Assimilator  
  17  0:53  Probe (Chrono Boost)  
  18  1:05  Probe  
  19  1:17  Probe  
  20  1:28  Nexus  
  20  1:37  Cybernetics Core  
  20  1:41  Probe  
  21  1:49  Assimilator  
  21  1:53  Probe  
  22  1:56  Pylon  
  22  2:05  Probe  
  23  2:11  Adept (Chrono Boost)  
  25  2:17  Probe  
  26  2:23  Stargate  
  26  2:29  Probe  
  27  2:30  Warp Gate (Chrono Boost)  
  27  2:33  Adept (Chrono Boost)  
  29  2:41  Probe  
  29  2:42  Probe  
  30  2:53  Probe  
  30  2:54  Probe  
  32  3:02  Gateway  
  32  3:03  Adept (Chrono Boost)  
  32  3:05  Probe  
  32  3:10  Pylon, Probe  
  36  3:15  Oracle (Chrono Boost)  
  39  3:21  Probe  
  39  3:23  Probe  
  41  3:33  Probe  
  42  3:35  Probe  
  39  3:43  Shield Battery  
  39  3:45  Probe, Oracle (Chrono Boost)  
  39  3:47  Probe  
  44  3:53  Assimilator  
  44  3:55  Assimilator  
  44  3:56  Pylon  
  44  3:57  Probe  
  44  3:59  Probe  
  44  4:00  Pylon  
  46  4:09  Probe  
  45  4:11  Probe  
  45  4:15  Adept x2  
  50  4:20  Phoenix (Chrono Boost)  
  50  4:21  Probe  
  50  4:23  Probe  
  54  4:28  Pylon  
  54  4:31  Pylon  
  54  4:46  Probe x2  
  56  4:57  Adept x2  
  56  4:58  Probe x2  
  62  5:04  Pylon  
  62  5:06  Nexus  
  62  5:09  Stargate x2  
  62  5:10  Probe  
  63  5:19  Probe  
  64  5:26  Adept x2  
  64  5:27  Probe  
  64  5:28  Shield Battery  
  69  5:30  Protoss Air Weapons Level 1  
  69  5:31  Probe  
  69  5:33  Pylon  
  70  5:38  Phoenix (Chrono Boost)  
  70  5:39  Probe  
  73  5:43  Probe  
  73  5:45  Pylon  
  73  5:49  Adept x2  
  78  5:52  Probe  
  78  5:56  Phoenix (Chrono Boost)  
  82  5:57  Phoenix (Chrono Boost)  
  82  6:00  Probe  
  84  6:04  Probe  
  84  6:10  Phoenix (Chrono Boost)  
  86  6:12  Probe  
  86  6:15  Phoenix  
  86  6:16  Probe  
  90  6:21  Phoenix  
  90  6:24  Probe  
  89  6:41  Phoenix x2 (Chrono Boost)  
  89  6:45  Phoenix (Chrono Boost)  
  89  6:47  Probe x2  
  89  6:48  Assimilator  
  89  6:50  Assimilator  
  89  6:51  Pylon, Probe  
  89  6:53  Zealot  
  90  6:54  Zealot  
  90  6:59  Phoenix (Chrono Boost), Probe  
  97  7:01  Phoenix (Chrono Boost)  
  97  7:04  Pylon  
  97  7:06  Phoenix (Chrono Boost)  
  97  7:08  Probe  
  100  7:09  Probe  
  100  7:11  Probe  
  100  7:14  Pylon  
  102  7:18  Phoenix (Chrono Boost)  
  106  7:23  Zealot x2  
  106  7:25  Phoenix (Chrono Boost)  
  106  7:28  Phoenix  
  112  7:31  Forge  
  112  7:33  Pylon  
  112  7:35  Shield Battery  
  112  7:36  Phoenix  
  114  7:42  Pylon  
  112  7:54  Fleet Beacon  
  112  7:55  Zealot x2  
  112  7:56  Pylon  
  116  8:07  Phoenix x2  
  120  8:14  Protoss Shields Level 1  
  120  8:27  Protoss Air Armor Level 1  
  120  8:33  Photon Cannon  
  120  8:35  Photon Cannon x2  
  120  8:36  Pylon  
  120  8:38  Photon Cannon  
  120  8:42  Carrier (Chrono Boost)  
  120  8:43  Carrier (Chrono Boost)  
  132  8:58  Carrier (Chrono Boost)  
  132  9:01  Nexus  
  138  9:07  Pylon  
  138  9:11  Pylon  
  138  9:23  Zealot x2  
  142  9:25  Photon Cannon  
  142  9:27  Photon Cannon  
  142  9:29  Shield Battery  
  153  9:46  Zealot x2  
  119  10:01  Carrier (Chrono Boost)  
  98  10:10  Carrier (Chrono Boost)  
  77  10:24  Pylon  
  77  10:26  Pylon  
  75  10:33  Gateway  
  75  10:34  Pylon, Carrier  
  75  10:35  Pylon  
  75  10:37  Gateway  
  75  10:39  Gateway  
  75  10:44  Photon Cannon  
Tags
 
Add a new tag
Caveats
  • Supply blocks, unpowered buildings, or Contaminate may cause inaccurate times.
  • Supply counts are checked every 10 seconds.